 Dungeon Crawl Stone Soup version 0.16.2-12-gd0ad4c3 (webtiles) character file.

154 hannobal the Slasher (level 5, -1/34 HPs)
             Began as a High Elf Skald on Oct 23, 2015.
             Slain by Grinder (7 damage)
             ... on level 3 of the Dungeon.
             The game lasted 00:09:51 (2746 turns).

hannobal the Slasher (High Elf Skald)               Turns: 2746, Time: 00:09:51

Health: -1/34      AC:  8    Str: 12    XL:     5   Next: 13%
Magic:  5/12       EV: 10    Int: 16    God:
Gold:   67         SH:  0    Dex: 14    Spells: 3 memorised, 3 levels left

rFire  . . .     SeeInvis .     a - +1 falchion
rCold  . . .     Clarity  .     j - +1 ring mail
rNeg   . . .     SustAb   .     (no shield)
rPois  .         Gourm    .     (no helmet)
rElec  .         Spirit   .     r - +1 cloak
rCorr  .         Warding  .     (no gloves)
rMut   .         Stasis   .     (no boots)
MR     .....                    (no amulet)
Stlth  +.........               (no ring)
                                (no ring)

@: very slightly contaminated, hasted, drained, very quick, not resistant to
hostile enchantments, very unstealthy
A: no striking features
a: no special abilities


You were on level 3 of the Dungeon.
You were not hungry.

You visited 1 branch of the dungeon, and saw 3 of its levels.

You collected 67 gold pieces.

Inventory:

Hand weapons
 a - a +1 falchion (weapon)
 g - a +0 spear
Missiles
 e - 7 tomahawks (quivered)
 h - 15 poisoned needles
 i - 44 arrows
 m - 17 sling bullets
 o - 25 bolts
 q - 84 stones
Armour
 b - a +0 leather armour
 j - a +1 ring mail (worn)
 l - a +0 large shield
 r - a +1 cloak (worn)
 t - a +2 robe of positive energy
Scrolls
 n - a scroll of identify
Books
 c - a book of Battle

   Spells                             Type                      Level
   a - Infusion                       Charms                       1
   b - Shroud of Golubria             Charms/Translocation         2
   c - Song of Slaying                Charms                       2
   d - Spectral Weapon                Hexes/Charms                 3
   e - Regeneration                   Charms/Necromancy            3
Comestibles
 d - 3 bread rations {@e1}
 f - 3 meat rations {@e2}
 p - a beef jerky
 s - a chunk of flesh {@w0}


   Skills:
 - Level 2.0(1.9) Fighting
 - Level 6.0(5.9) Long Blades
 - Level 0.8(0.7) Armour
 - Level 1.1(1.0) Dodging
 - Level 2.4(2.3) Spellcasting
 - Level 3.6(3.5) Charms
 + Level 1.9(1.8) Translocations


You had 3 spell levels left.
You knew the following spells:

 Your Spells              Type           Power        Failure   Level  Hunger
a - Infusion              Chrm           ##....       12%         1    #......
b - Song of Slaying       Chrm           ##......     17%         2    ###....
c - Shroud of Golubria    Chrm/Tloc      ##........   24%         2    ###....


Dungeon Overview and Level Annotations

Branches:
Dungeon (3/15)

Altars:

Annotations:
D:1 deep water vault, need flight
D:3 Grinder


Message History

Grinder gestures at you.
You suddenly lose the ability to move!
Grinder hits you.
You writhe in agony.
You can move again.
You hit Grinder.
Grinder is almost dead.
Grinder gestures at you. Pain shoots through your body!
* * * LOW HITPOINT WARNING * * *
Drink which item? (? for menu, Esc to quit)
You feel yourself speed up. Grinder misses you.
You are very lightly contaminated with residual magic.
Unknown command.
You barely miss Grinder.
Grinder is almost dead.
You barely miss Grinder.
Grinder is almost dead.
You are no longer magically infusing your attacks.
Grinder hits you!
You die...

♣♣.♣ ♣.♣♣ . ♣♣.♣ . ♣♣.♣♣
.# ♣♣...♣ ###. ♣....♣ ...
#....# ###### #.# #
#....###....####.#.####.#
................@5......#
##...##.#..........######
#######.############
........# #########


You could see Grinder.

Vanquished Creatures
  Crazy Yiuf (D:3)
  Jessica (D:3)
  2 adders
  3 gnolls (D:3)
  2 worms (D:2)
  A giant mite (D:2)
  An ooze (D:1)
  An orc (D:3)
  3 bats (D:1)
  A giant cockroach (D:2)
  9 goblins
  6 hobgoblins
  A jackal (D:1)
  A ball python (D:1)
  4 giant newts
  4 kobolds
  7 rats
48 creatures vanquished.

Notes
Turn   | Place    | Note
--------------------------------------------------------------
     0 | D:1      | hannobal, the High Elf Skald, began the quest for the Orb.
     0 | D:1      | Reached XP level 1. HP: 14/14 MP: 4/4
   394 | D:1      | Reached XP level 2. HP: 19/19 MP: 6/6
   398 | D:1      | Learned a level 2 spell: Song of Slaying
   401 | D:1      | Learned a level 2 spell: Shroud of Golubria
   791 | D:1      | Reached skill level 4 in Long Blades
  1188 | D:2      | Reached XP level 3. HP: 24/24 MP: 0/8
  2076 | D:2      | Reached skill level 5 in Long Blades
  2309 | D:2      | Reached XP level 4. HP: 25/29 MP: 2/11
  2550 | D:3      | Noticed Jessica
  2559 | D:3      | Killed Jessica
  2604 | D:3      | Reached skill level 6 in Long Blades
  2637 | D:3      | Noticed Crazy Yiuf
  2650 | D:3      | Killed Crazy Yiuf
  2650 | D:3      | Reached skill level 1 in Translocations
  2650 | D:3      | Reached XP level 5. HP: 28/34 MP: 0/12
  2717 | D:3      | Noticed Grinder
  2735 | D:3      | Paralysed by Grinder for 2 turns
  2741 | D:3      | Paralysed by Grinder for 2 turns
  2746 | D:3      | Slain by Grinder

Action                   |  1- 3 |  4- 6 || total
-------------------------+-------+-------++-------
Melee: Falchion          |   127 |    54 ||   181
       Spear             |    18 |       ||    18
Throw: Stone             |     9 |       ||     9
       Tomahawk          |       |     2 ||     2
 Cast: Infusion          |    20 |     5 ||    25
       Shroud of Golubri |       |     4 ||     4
       Song of Slaying   |       |     1 ||     1
  Use: Potion            |     4 |     1 ||     5
       Scroll            |     8 |       ||     8
  Eat: Chunk             |     5 |     2 ||     7
